 Dungeon Crawl Stone Soup version 0.30-a0-972-gf3ab3527aa (webtiles) character file.

Game seed: 7884287297112248694

60 Turgor the Grave Robber (level 3, -2/28 HPs)
             Began as a Demonspawn Necromancer on Mar 31, 2023.
             Slain by an orc
             ... wielding a +2 flail of protection
              (7 damage)
             ... on level 3 of the Dungeon.
             The game lasted 00:11:09 (1745 turns).

Turgor the Grave Robber (Demonspawn Necromancer)    Turns: 1745, Time: 00:11:10

Health: -2/28      AC:  5    Str: 10    XL:     3   Next: 82%
Magic:  1/7        EV: 11    Int: 16    God:
Gold:   54         SH:  0    Dex: 13    Spells: 3/7 levels left

rFire   . . .      SeeInvis .    l - +0 short sword (vamp)
rCold   . . .      Faith    .    (no shield)
rNeg    + . .      Spirit   .    c - +0 leather armour
rPois   .          Reflect  .    (no helmet)
rElec   .          Rampage  .    (no cloak)
rCorr   .                        (no gloves)
Will    .....                    (no boots)
Stlth   ++                       (no amulet)
HPRegen 0.24/turn                d - ring of positive energy
MPRegen 0.10/turn                (no ring)

@: no status effects
A: rugged brown scales 2
a: no special abilities


You were on level 3 of the Dungeon.
You visited 1 branch of the dungeon, and saw 3 of its levels.

You collected 104 gold pieces.
You spent 50 gold pieces at shops.

Inventory:

Hand Weapons
 g - a +1 dagger of draining
 l - a +0 vampiric short sword (weapon)
Missiles
 e - 2 boomerangs (quivered)
 p - 4 silver boomerangs
Armour
 c - a +0 leather armour (worn)
Jewellery
 d - a ring of positive energy (left hand)
Scrolls
 a - 3 scrolls of identify
 f - 2 scrolls of magic mapping {unknown}
 h - a scroll of silence {unknown}
 k - 2 scrolls of teleportation
 m - a scroll of enchant weapon {unknown}
 n - a scroll of fear {unknown}
 o - 2 scrolls of noise {unknown}
Potions
 b - a potion of magic
 i - 2 potions of mutation
 j - 2 potions of curing
 q - a potion of berserk rage


   Skills:
 + Level 1.7 Fighting
 - Level 2.0 Dodging
 - Level 2.0 Stealth
 + Level 2.7 Spellcasting
 + Level 4.9 Necromancy


You had 3 spell levels left.
You knew the following spells:

 Your Spells              Type           Power      Damage    Failure   Level
a - Necrotise             Necr           68%        1d7       3%          1
b - Vampiric Draining     Necr           17%        2d7       11%         3

Your spell library contained the following spells:

 Spells                   Type           Power      Damage    Failure   Level
 Animate Dead             Necr           17%        N/A       34%         4
 Agony                    Necr           17%        N/A       67%         5


Dungeon Overview and Level Annotations

Branches:
Dungeon (3/15)

Altars:

Shops:
D:2 ?


Innate Abilities, Weirdness & Mutations

You are mostly covered in rugged brown scales. (AC +2, +5% HP)


Message History

The orc hits you but does no damage.
You hit the orc but do no damage. The orc completely misses you.
Your hobgoblin skeleton closely misses the orc.
You hit the orc but do no damage. The orc closely misses you.
Your hobgoblin skeleton barely misses the orc.
You barely miss the orc.
The orc hits you with a +2 flail of protection.
Your hobgoblin skeleton hits the orc.
The orc dies!
You hit the orc but do no damage. The orc closely misses you.
You completely miss the orc.
Your hobgoblin skeleton hits the rat.
The rat dies!
The orc completely misses you.
You hit the orc but do no damage. The orc barely misses you.
You barely miss the orc. The orc completely misses you.
Your hobgoblin skeleton closely misses the orc.
You hit the orc but do no damage.
The orc hits you with a +2 flail of protection.
Your hobgoblin skeleton barely misses the orc.
You closely miss the orc.
The orc hits you with a +2 flail of protection.
You hit the orc.
The orc is lightly wounded.
Your hobgoblin skeleton crumbles into dust!
The orc hits you with a +2 flail of protection!
* * * LOW HITPOINT WARNING * * *
Casting: Necrotise (safe; 3% risk of failure)
Confirm with . or Enter, or press ? or * to list all spells.
Aiming: Necrotise (safe; 3% risk of failure)
Press: ? - help, Shift-Dir - straight line, f - orc
Aim: an orc, wielding a +2 flail of protection and wearing a +0 leather armour (chance to affect: 87%)
The orc writhes in agony.
The orc barely misses you.
Casting: Necrotise (safe; 3% risk of failure)
Confirm with . or Enter, or press ? or * to list all spells.
Aiming: Necrotise (safe; 3% risk of failure)
Press: ? - help, Shift-Dir - straight line, f/p - orc
Aim: an orc, wielding a +2 flail of protection and wearing a +0 leather armour (moderately wounded, chance to affect: 87%)
The orc writhes in agony.
The orc hits you with a +2 flail of protection!
You die...

...# ...# ... ..
..# ...# #.#
.....##.#
#.....#####
#..#)o@..#######
#...###........
###....########
####>.# ##<# ###


You could see an orc.

Vanquished Creatures
  An adder (D:2)
  A dart slug (D:2)
  2 orcs (D:3)
  3 endoplasms
  3 giant cockroaches
  4 goblins
  3 hobgoblins
  4 jackals
  A quokka (D:1)
  4 ball pythons
  4 bats (D:1)
  A frilled lizard (D:2)
  3 kobolds (D:2)
  6 rats
40 creatures vanquished.

Vanquished Creatures (collateral kills)
  An orc (D:3)
  2 rats
3 creatures vanquished.

Grand Total: 43 creatures vanquished

Notes
Turn   | Place    | Note
-------+----------+-------------------------------------------
     0 | D:1      | Turgor the Demonspawn Necromancer began the quest for the
                  | Orb.
     0 | D:1      | Reached XP level 1. HP: 13/13 MP: 3/3
   368 | D:1      | Gained mutation: You are partially covered in rugged brown
                  | scales. (AC +1, +3% HP) [demonic ancestry]
   368 | D:1      | Reached XP level 2. HP: 14/20 MP: 3/5
   505 | D:1      | You fall into a shaft and drop 1 floor!
   561 | D:2      | Found a faded altar of an unknown god.
   644 | D:2      | Reached skill level 1 in Fighting
   728 | D:2      | Gained mutation: You are mostly covered in rugged brown
                  | scales. (AC +2, +5% HP) [demonic ancestry]
   728 | D:2      | Reached XP level 3. HP: 21/27 MP: 1/6
   782 | D:2      | Learned a level 3 spell: Vampiric Draining
  1120 | D:2      | Found Dugokech's Magic Scroll Boutique.
  1142 | D:2      | Bought a scroll of teleportation for 30 gold pieces
  1142 | D:2      | Bought a scroll of identify for 20 gold pieces
  1745 | D:3      | Slain by an orc

Illustrated notes

Levels and vault maps discovered:
D:1:      ebering_trefoil_3fold, layout_basic
D:2:      layout_rooms, hellmonk_ecumenical_altar_run_dry, serial_shops,
          nicolae_shop_hallway_plus
D:3:      layout_rooms

Skill      XL: |  1  2 |
---------------+-------+-----
Stealth        | 2 |  2.0
Dodging        | 2 |  2.0
Fighting       | 1 |  1.7
Spellcasting   | |  2.7
Necromancy     | |  4.9

Action                     || total
---------------------------++-------
  Melee: Dagger            ||     9
         Short sword       ||    28
  Throw: Boomerang         ||     8
   Cast: Necrotise         ||    61
    Use: Scroll            ||     3
 Armour: Leather armour    ||     9
  Dodge: Dodged            ||    22

Table legend: (Time is in decaauts)
 A = Elapsed time spent in this place.
 B = Non-inter-level travel time spent in this place.
 C = Inter-level travel time spent in this place.
 D = Time resting spent in this place.
 E = Time spent auto-exploring this place.
 F = Levels seen in this place.
 G = Mean time per level.
                   A        B        C        D        E       F      G
               +--------+--------+--------+--------+--------+-----+--------+
         Total |   1747 |   1689 |     58 |      0 |   1218 |   3 |  582.3 |
       Dungeon |   1747 |   1689 |     58 |      0 |   1218 |   3 |  582.3 |
               +--------+--------+--------+--------+--------+-----+--------+

Top non-repeatable levels by time:
     D:1: 908 daAuts
     D:2: 781 daAuts
     D:3: 57 daAuts
